 Dungeon Crawl Stone Soup version 0.20.1-1-g8b1a95d (webtiles) character file.

128482 kae the Black Belt (level 16, -10/131 HPs)
             Began as a Demonspawn Gladiator on Sept 15, 2017.
             Was the Champion of Okawaru.
             Mangled by a salamander
             ... wielding a +2 glaive of flaming
              (13 damage)
             ... on level 2 of the Snake Pit.
             The game lasted 00:43:11 (32952 turns).

kae the Black Belt (Demonspawn Gladiator)          Turns: 32952, Time: 00:43:11

Health: -10/131    AC: 20    Str: 23    XL:     16   Next: 48%
Magic:  26/26      EV: 17    Int:  4    God:    Okawaru [******]
Gold:   3200       SH:  0    Dex: 27    Spells: 15/15 levels left

rFire    . . .     SeeInvis +     - Unarmed
rCold    . . .     Gourm    +   (no shield)
rNeg     + + .     Faith    .   b - +8 chain mail "Ozxaasam" {rElec rN++}
rPois    +         Spirit   .   (helmet unavailable)
rElec    +         Reflect  .   q - scarf of an ossuary {MR+ rCorr Str+3}
rCorr    +         Harm     .   (no gloves)
MR       ++...                  P - +1 pair of boots {Fly}
Stlth    ..........             T - amulet "Ciaz" {Gourm Str+4 SInv}
Regen    0.8/turn               Q - +3 ring of slaying
MPRegen  0.2/turn               w - ring "Goygg" {*Drain rPois Int-5 Dex+6}

@: flying
A: hooves 1, horns 3, molten scales 1, demonic guardian 1, mutation resistance
1, regeneration 1, spiny 2
a: Heroism, Finesse, Renounce Religion, Stop Flying


You were on level 2 of the Snake Pit.
You worshipped Okawaru.
Okawaru was exalted by your worship.
You were full.

You visited 5 branches of the dungeon, and saw 26 of its levels.
You also visited: Ossuary, Bailey and Ice Cave.

You collected 3200 gold pieces.

Inventory:

Missiles
 c - 3 throwing nets
 s - 8 poisoned javelins
 A - 13 javelins of returning (quivered)
 O - 13 silver javelins
 V - 6 tomahawks of dispersal
Armour
 b - the +8 chain mail "Ozxaasam" (worn) {rElec rN++}
   (Okawaru gifted it to you on level 3 of the Lair of Beasts)

   It insulates you from electricity.
   It greatly protects you from negative energy.
 p - a scarf of cloud immunity
 q - the scarf of an ossuary (worn) {MR+ rCorr Str+3}
   (Okawaru gifted it to you on level 6 of the Lair of Beasts)

   It affects your strength (+3).
   It affects your resistance to hostile enchantments.
   It protects you from acid and corrosion.
 P - a +1 pair of boots of flying (worn)
Jewellery
 f - a +5 amulet of reflection
 w - the ring "Goygg" (right hand) {*Drain rPois Int-5 Dex+6}
   (You found it in an ice cave)

   [ring of poison resistance]

   It affects your intelligence (-5).
   It affects your dexterity (+6).
   It protects you from poison.
   It causes draining when unequipped.
 I - a +4 ring of protection
 Q - a +3 ring of slaying (left hand)
 S - the ring "Dyrymupt" {rN+ MR++}
   (You found it on level 9 of the Dungeon)

   [ring of positive energy]

   It protects you from negative energy.
   It affects your resistance to hostile enchantments.
 T - the amulet "Ciaz" (around neck) {Gourm Str+4 SInv}
   (You found it on level 9 of the Dungeon)

   [amulet of the gourmand]

   It allows you to eat raw meat even when not hungry.
   It affects your strength (+4).
   It lets you see invisible.
Wands
 g - a wand of acid (6/15)
 v - a wand of enslavement (11/24)
 B - a wand of iceblast (5/15)
 C - a wand of confusion (23/48)
Scrolls
 e - 8 scrolls of remove curse
 h - a scroll of recharging
 l - a scroll of acquirement
 n - a scroll of enchant armour
 o - 3 scrolls of magic mapping
 D - 3 scrolls of amnesia
 F - 8 scrolls of identify
 H - 6 scrolls of enchant weapon
 M - a scroll of fear
 R - 7 scrolls of teleportation
Potions
 a - a potion of invisibility
 j - 2 potions of resistance
 k - 9 potions of curing
 r - 4 potions of heal wounds
 t - 2 potions of might
 u - 4 potions of agility
 x - 3 potions of ambrosia
 z - 6 potions of lignification
 G - 3 potions of cancellation
 L - 3 potions of berserk rage
Books
 y - the Collected Works on Captivating Companions
   (You found it on level 1 of the Snake Pit)

   Spells                             Type                      Level
   a - Slow                           Hexes                        2
   b - Ensorcelled Hibernation        Hexes/Ice                    2
   c - Call Imp                       Summoning                    2
   d - Recall                         Summoning/Translocation      3
   e - Summon Forest                  Summoning/Translocation      5
   f - Shadow Creatures               Summoning                    6
Comestibles
 d - 14 bread rations
 i - 21 royal jellies
 m - 11 meat rations
 W - 12 fruits


   Skills:
 + Level 13.6 Fighting
 + Level 10.4 Throwing
 + Level 10.7 Dodging
 * Level 17.2 Unarmed Combat
 + Level 13.5 Invocations


You had 15 spell levels left.
You didn't know any spells.

Dungeon Overview and Level Annotations

Branches:
Dungeon (15/15)            Temple (1/1) D:5            Lair (6/6) D:9
  Swamp (0/4) Lair:4        Snake (2/4) Lair:4        Slime (0/5) Lair:5
    Orc (2/2) D:10            Elf (0/3) Orc:2        Vaults (0/5) D:13
 Depths (0/5) D:15

Altars:
Ashenzari
Cheibriados
Dithmenos
Elyvilon
Fedhas
Gozag
Hepliaklqana
Kikubaaqudgha
Makhleb
Nemelex Xobeh
Okawaru
Qazlal
Ru
Sif Muna
Trog
Uskayaw
Vehumet
Xom
Yredelemnul
Zin
The Shining One
Beogh

Shops:
Orc:2 *}((

Annotations:
D:11 3 runed doors


Innate Abilities, Weirdness & Mutations

You have a pair of large horns on your head.
You are partially covered in molten scales. (AC +2)
A weak demonic guardian rushes to your aid.
You are mostly covered in sharp spines.
You have large cloven feet.
You are somewhat resistant to further mutation.
Your natural rate of healing is unusually fast.


Message History

Your quasit claws the salamander.
Your shadow imp barely misses the salamander.
Your quasit barely misses the salamander.
Your quasit claws the salamander but does no damage.
Your quasit claws the salamander.
There is a stone staircase leading down here.
You see here an arrow.
Your quasit bites the salamander.
Your quasit claws the salamander.
Your quasit claws the salamander but does no damage.
The salamander closely misses your quasit.
Your quasit bites the salamander but does no damage.
Your quasit closely misses the salamander.
Your quasit barely misses the salamander.
There is a stone staircase leading up here.
Your shadow imp gestures at the salamander.
The salamander writhes in agony!
The salamander hits you from afar with a glaive of flaming!
* * * LOW HITPOINT WARNING * * *
You are engulfed in flames!
You die...

. ... .. ... # #.
#.# .# # #. #.#
#.##++
##.##.##.###......
#..........)......
...........).#
.......>.N55.#
...##..@.#####
###..# #..# #++#


You could see a salamander, a friendly quasit and a friendly shadow imp.

Vanquished Creatures
  Rupert (Snake:1)
  Gastronok (D:8)
  Donald (Orc:1)
  2 orc warlords (Orc:1)
  A frost giant (IceCv)
  Nessos (Orc:2)
  2 ettins
  Erolcha (D:9)
  2 naga warriors (Snake:1)
  9 hydras
  6 centaur warriors
  3 catoblepae
  5 two-headed ogres
  7 death yaks
  2 tengu warriors (D:15)
  3 orc high priests (Orc:2)
  Nergalle (D:11)
  3 naga sharpshooters (Snake:1)
  A shock serpent (Snake:1)
  Sonja (D:10)
  An iron troll (D:13)
  8 skeletal warriors
  3 unseen horrors
  A salamander mystic (Snake:2)
  2 naga ritualists (Snake:1)
  3 wizards
  An orange crystal statue (D:11)
  A deep elf archer (Orc:2)
  A necromancer (D:15)
  5 orc knights
  6 mana vipers (Snake:1)
  2 deep elf magi
  4 orc sorcerers
  5 ugly things
  4 manticores
  4 oklob plants (Lair:6)
  A cyclops (D:15)
  A salamander (Snake:2)
  5 gargoyles
  14 black mambas
  8 naga magi
  Psyche (D:9)
  13 spiny frogs
  2 centaur skeletons
  2 kobold demonologists
  8 komodo dragons
  A yaktaur (shapeshifter) (D:13)
  4 rime drakes
  2 ice devils (Lair:5)
  10 trolls
  18 polar bears
  A hornet (D:8)
  A wolf spider simulacrum (D:15)
  24 blink frogs
  5 slime creatures
  13 hippogriffs
  A wraith (D:13)
  A yak (shapeshifter) (D:13)
  4 wyverns
  A water elemental (D:12)
  53 yaks
  A vampire (D:9)
  Grum (D:9)
  5 basilisks
  A hungry ghost (D:10)
  7 vampire mosquitoes (D:15)
  5 wargs
  13 nagas
  2 acid dragons
  12 water moccasins
  6 porcupines
  31 orc warriors
  6 ice beasts
  7 sky beasts
  2 hornet zombies
  4 black bears (D:9)
  2 necrophages
  A phantom (D:6)
  18 wolves
  2 eyes of draining
  13 ogres
  5 boggarts (D:15)
  21 centaurs
  8 crocodiles
  4 big kobolds (D:10)
  21 bullfrogs
  An elf zombie (D:6)
  3 gnoll sergeants (D:10)
  4 scorpions
  2 water moccasin skeletons
  9 killer bees
  6 howler monkeys
  10 wights
  9 electric eels
  11 crimson imps
  13 centaur zombies
  4 hounds
  A wyvern simulacrum (D:15)
  4 bullfrog zombies
  19 orc wizards
  A bullfrog skeleton (D:8)
  13 orc priests
  2 human zombies
  5 jellies
  3 iguanas
  14 worker ants
  2 big kobold zombies (Ossuary)
  2 hound skeletons
  5 mummies (Ossuary)
  A worker ant zombie (D:11)
  Robin (D:1)
  8 adders
  3 gnolls (D:10)
  7 shadow imps
  2 white imps (D:12)
  3 ufetubi (D:12)
  6 oozes
  An adder zombie (D:5)
  4 worms
  A dart slug (D:1)
  6 leopard geckos
  107 orcs
  11 bats
  5 giant cockroaches
  A gnoll zombie (Ossuary)
  18 goblins
  6 hobgoblins
  8 jackals
  3 quokkas
  6 frilled lizards
  A goblin zombie (Ossuary)
  6 kobolds
  2 leopard gecko skeletons
  3 orc skeletons (D:6)
  An orc zombie (D:6)
  A quokka skeleton (D:4)
  A quokka zombie (D:9)
  7 rats
869 creatures vanquished.

Vanquished Creatures (collateral kills)
  A torpor snail (Lair:6)
  A centaur skeleton (D:15)
  2 blink frogs (Lair:3)
  Sigmund (D:3)
  A yak (Lair:5)
  A basilisk (Lair:1)
  2 orc warriors (Bailey)
  An ogre (D:4)
  A crocodile (Lair:6)
  2 orc priests
  A hound (D:4)
  5 orcs
  A goblin (D:3)
20 creatures vanquished.

Vanquished Creatures (others)
  A yak (IceCv)
  An ogre (D:6)
  A wolf (IceCv)
  A centaur (D:6)
  A bullfrog (D:6)
  An orc priest (Orc:2)
  A worker ant (D:6)
  An adder (D:6)
  An orc (Orc:1)
  A quokka skeleton (D:6)
  22 fungi
  13 plants
45 creatures vanquished.

Grand Total: 934 creatures vanquished

Notes
Turn   | Place    | Note
-------+----------+-------------------------------------------
     0 | D:1      | kae the Demonspawn Gladiator began the quest for the Orb.
     0 | D:1      | Reached XP level 1. HP: 16/16 MP: 1/1
   127 | D:1      | Reached skill level 3 in Unarmed Combat
   330 | D:1      | Gained mutation: You are partially covered in molten scales. (AC +2) [demonic ancestry]
   330 | D:1      | Reached XP level 2. HP: 21/22 MP: 2/2
   802 | D:2      | Reached XP level 3. HP: 21/28 MP: 3/3
   875 | D:2      | Noticed Robin
   895 | D:1      | Killed Robin
  1453 | D:2      | Reached skill level 4 in Unarmed Combat
  1645 | D:2      | Gained mutation: A weak demonic guardian rushes to your aid. [demonic ancestry]
  1645 | D:2      | Reached XP level 4. HP: 34/34 MP: 4/4
  2287 | D:2      | Found a shadowy altar of Dithmenos.
  2449 | D:3      | Found a sparkling altar of Nemelex Xobeh.
  3392 | D:3      | Noticed Sigmund
  3723 | D:3      | Killed Sigmund
  3723 | D:3      | Reached skill level 5 in Unarmed Combat
  3723 | D:3      | Reached XP level 5. HP: 17/41 MP: 2/5
  3898 | D:3      | Gained mutation: You are partially covered in sharp spines. [demonic ancestry]
  3898 | D:3      | Reached XP level 6. HP: 45/48 MP: 6/6
  4114 | D:4      | Reached skill level 6 in Unarmed Combat
  4266 | D:4      | Reached XP level 7. HP: 43/55 MP: 5/7
  4899 | D:4      | Reached skill level 5 in Fighting
  4918 | D:4      | Reached skill level 7 in Unarmed Combat
  5130 | D:5      | Entered Level 5 of the Dungeon
  5163 | D:5      | Found a snail-covered altar of Cheibriados.
  5287 | D:5      | Found a sacrificial altar of Ru.
  5696 | D:5      | Reached XP level 8. HP: 45/63 MP: 6/8
  5804 | D:5      | Found a staircase to the Ecumenical Temple.
  5822 | Temple   | Entered the Ecumenical Temple
  6001 | Temple   | Became a worshipper of Warmaster Okawaru
  6410 | D:6      | Found a sand-covered staircase.
  6435 | D:6      | Reached skill level 8 in Unarmed Combat
  6503 | Ossuary  | Entered an ossuary
  6629 | Ossuary  | Reached * piety under Okawaru
  6942 | D:6      | You fall through a shaft!
  7038 | D:7      | Found a flagged portal.
  7048 | D:7      | Reached skill level 9 in Unarmed Combat
  7087 | Bailey   | Entered a bailey
  7315 | Bailey   | Gained mutation: You have a pair of small horns on your head. [demonic ancestry]
  7315 | Bailey   | Reached XP level 9. HP: 72/72 MP: 9/9
  7426 | Bailey   | Reached ** piety under Okawaru
  8873 | Bailey   | Reached skill level 10 in Unarmed Combat
  9783 | Bailey   | Identified the Catalogue of Dislocated Creation
 10044 | D:6      | Found a shimmering altar of Xom.
 10732 | D:7      | Identified a scroll of acquirement
 10785 | D:7      | Found a shimmering altar of Xom.
 10786 | D:7      | Found a hazy altar of Hepliaklqana.
 10786 | D:7      | Noticed a hell beast
 10787 | D:7      | Noticed a hell beast
 10787 | D:7      | Noticed a spectral ugly thing
 10840 | D:7      | Reached *** piety under Okawaru
 10858 | D:7      | Reached skill level 11 in Unarmed Combat
 10986 | D:7      | Reached XP level 10. HP: 82/82 MP: 10/10
 11418 | D:8      | Reached skill level 1 in Invocations
 11740 | D:8      | Noticed Gastronok
 11747 | D:8      | Noticed a two-headed ogre
 11756 | D:8      | Killed Gastronok
 11756 | D:8      | Reached **** piety under Okawaru
 11756 | D:8      | Received a gift from Okawaru
 11760 | D:8      | Killed a two-headed ogre
 11760 | D:8      | Reached ***** piety under Okawaru
 12341 | D:9      | Gained mutation: You have a pair of horns on your head. [demonic ancestry]
 12341 | D:9      | Reached XP level 11. HP: 83/89 MP: 14/14
 12403 | D:9      | Found a staircase to the Lair.
 12489 | D:9      | Reached skill level 12 in Unarmed Combat
 12713 | D:9      | Noticed Psyche
 12717 | D:9      | Killed Psyche
 12717 | D:9      | Reached skill level 5 in Invocations
 12831 | D:9      | Noticed Erolcha
 12851 | D:9      | Killed Erolcha
 12851 | D:9      | Received a gift from Okawaru
 13021 | D:9      | Found a transporter.
 13177 | D:9      | Noticed Grum
 13180 | D:9      | Killed Grum
 13184 | D:9      | Noticed a centaur warrior
 13199 | D:9      | Killed a centaur warrior
 13199 | D:9      | Received a gift from Okawaru
 13202 | D:9      | Reached skill level 5 in Dodging
 13382 | D:9      | Found a transporter.
 13388 | D:9      | Got a pitted turquoise ring
 13414 | D:9      | Got a translucent tin amulet
 13459 | D:9      | Identified the amulet "Ciaz" {Gourm Str+4 SInv} (You found it on level 9 of the Dungeon)
 13461 | D:9      | Identified the ring "Dyrymupt" {rN+ MR++} (You found it on level 9 of the Dungeon)
 13467 | Lair:1   | Entered Level 1 of the Lair of Beasts
 13605 | Lair:1   | Reached skill level 10 in Fighting
 14502 | Lair:1   | Reached skill level 5 in Throwing
 15206 | Lair:2   | Gained mutation: You are mostly covered in sharp spines. [demonic ancestry]
 15206 | Lair:2   | Reached XP level 12. HP: 97/97 MP: 17/17
 15254 | Lair:2   | Reached skill level 13 in Unarmed Combat
 16312 | Lair:3   | Noticed an eight-headed hydra
 16323 | Lair:3   | Killed an eight-headed hydra
 16323 | Lair:3   | Reached ****** piety under Okawaru
 16323 | Lair:3   | Received a gift from Okawaru
 17372 | Lair:3   | Received a gift from Okawaru
 17485 | Lair:3   | Got a translucent chain mail {god gift}
 17496 | Lair:3   | Identified the +8 chain mail "Ozxaasam" {rElec rN++} (Okawaru gifted it to you on level 3 of the Lair of Beasts)
 17631 | Lair:4   | Found a staircase to the Snake Pit.
 17658 | Lair:4   | Found a staircase to the Swamp.
 18737 | Lair:5   | Reached XP level 13. HP: 106/106 MP: 19/19
 18829 | Lair:5   | Found a staircase to the Slime Pits.
 19083 | Lair:5   | Found a frozen archway.
 19151 | IceCv    | Entered an ice cave
 19168 | IceCv    | Reached skill level 14 in Unarmed Combat
 19251 | IceCv    | Identified Asmodeus's Tome of Conjuration and Heat
 19830 | IceCv    | Noticed a frost giant
 19841 | IceCv    | Received a gift from Okawaru
 19854 | IceCv    | Killed a frost giant
 19869 | IceCv    | Reached skill level 10 in Invocations
 20007 | IceCv    | Got a bound marble ring
 20138 | Lair:6   | Entered Level 6 of the Lair of Beasts
 20168 | Lair:6   | Received a gift from Okawaru
 21431 | Lair:5   | Reached XP level 14. HP: 85/114 MP: 21/21
 21556 | Lair:6   | Got a bloodstained scarf {god gift}
 21571 | Lair:6   | Identified the scarf of an ossuary {MR+ rCorr Str+3} (Okawaru gifted it to you on level 6 of the Lair of Beasts)
 21694 | Lair:6   | Reached skill level 15 in Unarmed Combat
 22522 | Lair:6   | Received a gift from Okawaru
 23506 | D:9      | Identified the ring "Goygg" {*Drain rPois Int-5 Dex+6} (You found it in an ice cave)
 23549 | D:10     | Entered Level 10 of the Dungeon
 23685 | D:10     | Noticed Sonja
 23697 | D:10     | Killed Sonja
 23934 | D:10     | Found a staircase to the Orcish Mines.
 24781 | D:11     | Noticed Nergalle
 24789 | D:11     | Killed Nergalle
 24836 | D:11     | Found a runed door.
 24847 | D:11     | Found a runed door.
 24861 | D:11     | Found a runed door.
 24882 | D:11     | Received a gift from Okawaru
 24883 | D:11     | Found a runed door.
 25175 | D:11     | Received a gift from Okawaru
 25412 | Lair:1   | Gained mutation: Armour fits poorly on your strangely shaped body. [potion of mutation]
 25412 | Lair:1   | Gained mutation: You have an increased reservoir of magic. (+10% MP) [potion of mutation]
 25413 | Lair:1   | Lost mutation: Armour fits poorly on your strangely shaped body. [potion of mutation]
 25413 | Lair:1   | Lost mutation: You have an increased reservoir of magic. (+10% MP) [potion of mutation]
 25413 | Lair:1   | Gained mutation: Your natural rate of healing is unusually fast. [potion of mutation]
 25413 | Lair:1   | Gained mutation: You have large cloven feet. [potion of mutation]
 25413 | Lair:1   | Gained mutation: You are somewhat resistant to further mutation. [potion of mutation]
 26419 | D:13     | Received a gift from Okawaru
 26521 | D:13     | Gained mutation: You have a pair of large horns on your head. [demonic ancestry]
 26521 | D:13     | Reached XP level 15. HP: 89/122 MP: 23/23
 26575 | D:13     | Found a gate to the Vaults.
 26904 | D:13     | Identified the Catalogue of Warped Talismans
 27132 | Orc:1    | Entered Level 1 of the Orcish Mines
 27149 | Orc:1    | Noticed an orc warlord
 27322 | Orc:1    | Killed an orc warlord
 27322 | Orc:1    | Received a gift from Okawaru
 27655 | Orc:1    | Reached skill level 16 in Unarmed Combat
 27772 | Orc:1    | Noticed an orc warlord
 27778 | Orc:1    | Killed an orc warlord
 27778 | Orc:1    | Received a gift from Okawaru
 27836 | Orc:2    | Entered Level 2 of the Orcish Mines
 27887 | Orc:2    | Noticed Donald
 27899 | Orc:1    | Killed Donald
 27899 | Orc:1    | Received a gift from Okawaru
 28031 | Orc:2    | Found a staircase to the Elven Halls.
 28199 | Orc:2    | Found Laem's Gadget Shoppe.
 28199 | Orc:2    | Found Cuopliwk's General Store.
 28201 | Orc:2    | Found Dihapt's Weapon Shoppe.
 28201 | Orc:2    | Found Tiluangi's Antique Weapon Shop.
 28679 | Orc:2    | Found a roughly hewn altar of Beogh.
 28731 | Orc:2    | Noticed Nessos
 28758 | Orc:2    | Killed Nessos
 28758 | Orc:2    | Received a gift from Okawaru
 29722 | D:14     | Received a gift from Okawaru
 30321 | D:15     | Entered Level 15 of the Dungeon
 30338 | D:15     | Reached skill level 10 in Dodging
 30889 | D:15     | Reached skill level 10 in Throwing
 31086 | D:15     | Reached XP level 16. HP: 131/131 MP: 25/25
 31113 | D:15     | Found a staircase to the Depths.
 31128 | D:15     | Received a gift from Okawaru
 31758 | Snake:1  | Entered Level 1 of the Snake Pit
 31758 | Snake:1  | Noticed Rupert
 31768 | Snake:1  | Killed Rupert
 31925 | Snake:1  | Reached skill level 17 in Unarmed Combat
 31929 | Snake:1  | Received a gift from Okawaru
 31996 | Snake:1  | Received a gift from Okawaru
 32254 | Snake:1  | Received a gift from Okawaru
 32337 | Snake:1  | Received a gift from Okawaru
 32497 | Snake:1  | Identified the Collected Works on Captivating Companions
 32785 | Snake:1  | Received a gift from Okawaru
 32952 | Snake:2  | HP: 3/131 [salamander/glaive of flaming (9)]
 32952 | Snake:2  | Mangled by a salamander

Skill      XL: |  1  2  3  4  5  6  7  8  9 10 11 12 13 14 15 16 |
---------------+-------------------------------------------------+-----
Unarmed Combat | 3 4 5 6 7 9 11 12 13 14 15 16 17 | 17.2
Fighting       | 3 4 5 7 8 9 10 11 12 13 | 13.6
Invocations    | 4 7 9 10 11 13 | 13.5
Throwing       | 3 5 6 7 9 10 | 10.4
Dodging        | 4 5 6 8 9 10 | 10.7

Action                   |  1- 3 |  4- 6 |  7- 9 | 10-12 | 13-15 | 16-18 || total
-------------------------+-------+-------+-------+-------+-------+-------++-------
Melee: Unarmed           |   205 |   247 |   351 |   415 |  1045 |   194 ||  2457
       Punch             |     2 |     6 |    16 |    39 |    98 |    26 ||   187
       Headbutt          |       |       |    26 |   108 |   372 |    66 ||   572
Throw: Throwing net      |       |     1 |     1 |       |       |       ||     2
       Javelin           |       |       |    34 |     5 |     4 |       ||    43
Invok: Heroism           |       |       |       |    20 |    25 |     2 ||    47
Evoke: Wand              |       |     2 |    17 |     2 |     8 |       ||    29
  Use: Scroll            |     3 |     1 |    15 |     9 |     6 |     2 ||    36
       Potion            |     1 |     1 |     4 |       |     3 |       ||     9
 Stab: Distracted        |       |     1 |     3 |     3 |     5 |     3 ||    15
       Sleeping          |       |     1 |     3 |     1 |       |       ||     5
       Petrified         |       |       |       |       |     2 |       ||     2
  Eat: Chunk             |     3 |     8 |    21 |    34 |    39 |     3 ||   108
Armor: Leather armour    |    87 |   102 |    59 |    72 |       |       ||   320
       Chain mail        |       |       |       |    23 |   478 |    56 ||   557
Dodge: Dodged            |   169 |   165 |   196 |   244 |   688 |    92 ||  1554
Block: Other             |       |       |    19 |       |       |       ||    19
       Reflection        |       |       |     3 |       |       |       ||     3
